 Dungeon Crawl Stone Soup version 0.29.1-4-g47bece8355 (webtiles) character file.

Game seed: 4662814794430202811

86 GigaChad the Shield-Bearer (level 4, -2/40 HPs)
             Began as a Minotaur Fighter on Dec 1, 2022.
             Was a High Priest of Ignis.
             Succumbed to a kobold's poison
             ... on level 3 of the Dungeon.
             The game lasted 00:05:07 (1897 turns).

GigaChad the Shield-Bearer (Minotaur Fighter)       Turns: 1897, Time: 00:05:08

Health: -2/40      AC: 11    Str: 29    XL:     4   Next: 27%
Magic:  3/3        EV:  8    Int:  5    God:    Ignis [*****.]
Gold:   114        SH:  5    Dex: 15    Spells: 3/3 levels left

rFire   + . .      SeeInvis .   a - +0 war axe (flame)
rCold   . . .      Faith    .   c - +0 buckler
rNeg    . . .      Spirit   .   s - +1 chain mail
rPois   .          Reflect  .   (helmet restricted)
rElec   .          Harm     .   m - +0 cloak
rCorr   .          Rampage  .   (no gloves)
Will    .....                   (no boots)
Stlth   ..........              (no amulet)
HPRegen 0.13/turn               l - +6 ring of strength
MPRegen 0.08/turn               n - +6 ring of dexterity

@: lethally poisoned (-2 -> -29)
A: horns 2, retaliatory headbutt
a: Renounce Religion, Fiery Armour, Foxfire Swarm, Rising Flame


You were on level 3 of the Dungeon.
You worshipped Ignis.
Ignis was extremely pleased with you.
You visited 1 branch of the dungeon, and saw 3 of its levels.

You collected 114 gold pieces.

Inventory:

Hand Weapons
 a - a +0 war axe of flaming (weapon)
Armour
 b - a +0 scale mail
 c - a +0 buckler (worn)
 m - a +0 cloak (worn)
 s - a +1 chain mail (worn)
Jewellery
 l - a +6 ring of strength (left hand)
 n - a +6 ring of dexterity (right hand)
Scrolls
 f - 2 scrolls of identify
 h - a scroll of summoning {unknown}
 i - a scroll of silence {unknown}
 j - a scroll of brand weapon
 k - a scroll of butterflies
Potions
 d - 3 potions of might
 e - 2 potions of flight {unknown}
 g - 3 potions of heal wounds


   Skills:
 + Level 4.2 Fighting
 + Level 3.4 Axes
 + Level 4.3 Armour
 + Level 4.6 Shields


You had 3 spell levels left.
You didn't know any spells.
Your spell library contained the following spells:

 Spells                   Type           Power      Damage    Failure   Level
 Apportation              Tloc           0%         N/A       98%         1
 Necrotise                Necr           0%         1d4       98%         1
 Summon Small Mammal      Summ           0%         N/A       98%         1


Dungeon Overview and Level Annotations

Branches:
Dungeon (3/15)

Altars:
Hepliaklqana
Okawaru
Ru
Ignis


Innate Abilities, Weirdness & Mutations

You have a pair of horns on your head.
You reflexively headbutt those who attack you in melee.


Message History

The dart slug launches a dart at you. The slug dart hits you.
You block the dart slug's attack.
You slash the dart slug! You burn the dart slug.
You kill the dart slug!
You see here a dart slug corpse.
You see here a +0 ring mail.
HP restored.
Found a stone staircase leading up.
There is a stone staircase leading up here.
A kobold comes into view. It is wielding a +1 whip of venom.
A kobold is nearby!
You hit the kobold but do no damage. Your headbutt misses the kobold.
The kobold hits you with a +1 whip of venom.
You are poisoned.
You block the kobold's attack.
You closely miss the kobold. Your headbutt misses the kobold.
You feel very sick. You block the kobold's attack.
You closely miss the kobold.
You feel sick. The kobold barely misses you.
You barely miss the kobold.
You feel sick. The kobold hits you but does no damage.
You are more poisoned.
The kobold hits you but does no damage.
You are more poisoned.
You barely miss the kobold. Your headbutt misses the kobold.
You feel extremely sick. The kobold hits you but does no damage.
You are lethally poisoned!
You closely miss the kobold.
You feel extremely sick. The kobold hits you but does no damage.
You are more poisoned.
The kobold hits you but does no damage.
You are more poisoned.
You miss the kobold. You headbutt the kobold.
You kill the kobold!
* * * LOW HITPOINT WARNING * * *
You feel extremely sick.
You die...

#### .#
..####.#
#......#.
#........
#....# #@#.#
#.#.#####.##
#...........
#..#.####.###
#.##.# #..
#.# #... #.#
#$... #.#
##... #.#


There were no monsters in sight!

Vanquished Creatures
  2 adders
  A gnoll (D:1)
  A worm (D:2)
  A dart slug (D:3)
  3 ball pythons
  2 bats (D:1)
  4 endoplasms
  2 giant cockroaches
  3 goblins (D:1)
  4 hobgoblins
  10 jackals
  4 kobolds
  4 quokkas
  3 frilled lizards
  A rat (D:2)
45 creatures vanquished.

Notes
Turn   | Place    | Note
-------+----------+-------------------------------------------
     0 | D:1      | GigaChad the Minotaur Fighter began the quest for the Orb.
     0 | D:1      | Reached XP level 1. HP: 19/19 MP: 0/0
    51 | D:1      | Found a faded altar of an unknown god.
    68 | D:1      | Prayed at the altar of an unknown god.
    68 | D:1      | Became a worshipper of Ignis, the Dying Flame
    96 | D:1      | Reached XP level 2. HP: 25/27 MP: 1/1
   220 | D:1      | Reached XP level 3. HP: 27/33 MP: 2/2
  1650 | D:3      | Reached XP level 4. HP: 40/40 MP: 3/3
  1704 | D:3      | Found a hazy altar of Hepliaklqana.
  1711 | D:3      | Found a sacrificial altar of Ru.
  1713 | D:3      | Found an iron altar of Okawaru.
  1897 | D:3      | Succumbed to a kobold's poison

Illustrated notes

Levels and vault maps discovered:
D:1:      lemuel_arrival_hallway, layout_basic, ebering_ecumenical_altar_box
D:2:      layout_rooms
D:3:      layout_loops_ring, grunt_temple_overflow_open,
          nicolae_figureground_sparkle, uniq_jessica

Skill      XL: |  1  2  3 |
---------------+----------+-----
Shields        | 4 |  4.6
Armour         | 4 |  4.3
Fighting       | 4 |  4.2
Axes           | 3 |  3.4

Action                   |  1- 3 |  4- 6 || total
-------------------------+-------+-------++-------
Melee: War axe           |    64 |    27 ||    91
       Headbutt          |     6 |     3 ||     9
  Use: Scroll            |    10 |       ||    10
Armor: Scale mail        |    38 |       ||    38
       Chain mail        |     9 |    20 ||    29
Dodge: Dodged            |    39 |     5 ||    44
Block: Buckler           |    27 |    13 ||    40
